 Dungeon Crawl Stone Soup version 0.20-a0-795-ga03948b (webtiles) character file.

2396 segfault the Protected (level 9, -6/74 HPs)
             Began as a Demonspawn Wanderer on Mar 1, 2017.
             Was an Initiate of Okawaru.
             Mangled by a two-headed ogre
             ... wielding a cursed -2 giant club
              (18 damage)
             ... on level 8 of the Dungeon.
             The game lasted 00:13:25 (6756 turns).

segfault the Protected (Demonspawn Wanderer)        Turns: 6756, Time: 00:13:26

Health: -6/74      AC: 11    Str: 15    XL:     9   Next: 22%
Magic:  0/10       EV: 12    Int: 16    God:    Okawaru [......]
Gold:   469        SH:  3    Dex:  6    Spells: 10/10 levels left

rFire    + . .     SeeInvis .   y - +1 whip (elec)
rCold    + . .     Gourm    .   a - +2 scale mail
rNeg     + . .     Faith    .   l - +1 buckler
rPois    +         Spirit   +   (no helmet)
rElec    .         Reflect  .   R - scarf {rC+}
rCorr    .         Harm     .   L - +0 pair of gloves of Faheklee {rPois rF+ Dex-5}
MR       .....                  (no boots)
Stlth    ..........             (no amulet)
Regen    0.3/turn               w - +4 ring of evasion
MPRegen  0.3/turn               P - ring of positive energy

@: no status effects
A: claws 1, magic shield, magic regeneration
a: Renounce Religion


You were on level 8 of the Dungeon.
You worshipped Okawaru.
Okawaru was noncommittal.
You were hungry.

You visited 2 branches of the dungeon, and saw 9 of its levels.

You collected 469 gold pieces.

Inventory:

Hand Weapons
 d - a +0 club
 h - a +0 short sword
 k - a -3 falchion
 y - a +1 whip of electrocution (weapon)
 B - a +0 dagger of electrocution
Armour
 a - a +2 scale mail (worn)
 l - a +1 buckler (worn)
 L - the +0 pair of gloves of Faheklee (worn) {rPois rF+ Dex-5}
   (You found it on level 7 of the Dungeon)

   It affects your dexterity (-5).
   It protects you from fire.
   It protects you from poison.
 R - a scarf of cold resistance (worn)
Jewellery
 w - a +4 ring of evasion (right hand)
 E - an uncursed ring of magical power
 J - an uncursed ring of loudness
 O - an uncursed ring of magical power
 P - a ring of positive energy (left hand)
Wands
 c - a wand of random effects (9/48)
 t - a wand of clouds (5/9)
 v - a wand of iceblast (8/15)
 z - a wand of disintegration (13/24)
 D - a wand of confusion (18/48)
 I - a wand of paralysis (3/24)
 Q - a wand of flame (19/48)
Scrolls
 e - 5 scrolls of identify
 g - 3 scrolls of teleportation
 j - a scroll of enchant armour
 n - 2 scrolls of remove curse
 q - a scroll of recharging
 r - 2 scrolls of magic mapping
 K - a scroll of enchant weapon
 T - a scroll of amnesia
Potions
 b - a potion of lignification
 i - 3 potions of curing {unknown}
 o - 2 potions of ambrosia {unknown}
 p - 3 potions of heal wounds {unknown}
 s - a potion of flight {unknown}
 x - 2 potions of mutation {unknown}
 F - a potion of degeneration {unknown}
 G - a potion of agility {unknown}
 H - a potion of cancellation {unknown}
 M - 2 potions of berserk rage {unknown}
 S - a potion of invisibility {unknown}
Books
 u - a book of Enchantments

   Spells                             Type                      Level
   a - Cause Fear                     Hexes                        4
   b - Yara's Violent Unravelling     Hexes/Transmutation          5
   c - Silence                        Hexes/Air                    5
   d - Deflect Missiles               Charms/Air                   6
   e - Discord                        Hexes                        8
 N - a book of Flames

   Spells                             Type                      Level
   a - Flame Tongue                   Conjuration/Fire             1
   b - Throw Flame                    Conjuration/Fire             2
   c - Conjure Flame                  Conjuration/Fire             3
   d - Inner Flame                    Hexes/Fire                   3
   e - Sticky Flame                   Conjuration/Fire             4
   f - Fireball                       Conjuration/Fire             5
Comestibles
 f - 4 bread rations
 m - 4 royal jellies
 A - 5 meat rations
 C - 7 fruits


   Skills:
 - Level 8.0 Fighting
 + Level 9.4 Armour
 - Level 1.0 Stealth
 - Level 1.0 Spellcasting
   Level 1.0 Conjurations
   Level 1.1 Necromancy
 - Level 1.0 Evocations


You had 10 spell levels left.
You didn't know any spells.

Dungeon Overview and Level Annotations

Branches:
Dungeon (8/15)             Temple (1/1) D:7
   Lair: D:8-11

Altars:
Ashenzari
Cheibriados
Dithmenos
Elyvilon
Fedhas
Gozag
Hepliaklqana
Kikubaaqudgha
Makhleb
Nemelex Xobeh
Okawaru
Qazlal
Ru
Sif Muna
Trog
Uskayaw
Vehumet
Wu Jian
Xom
Yredelemnul
Zin
The Shining One

Shops:
D:6 !   D:7 [

Annotations:
D:6 1 runed door


Innate Abilities, Weirdness & Mutations

You have sharp fingernails.
When hurt, damage is shared between your health and your magic reserves.
You regenerate magic rapidly.


Message History

The two-headed ogre is almost dead.
The helpless two-headed ogre fails to defend itself.
You hit the two-headed ogre but do no damage.
The two-headed ogre is almost dead.
The helpless two-headed ogre fails to defend itself.
You hit the two-headed ogre but do no damage.
The two-headed ogre is almost dead.
The two-headed ogre is no longer paralysed.
You block the two-headed ogre's attack.
The two-headed ogre hits you with a giant club!!
You barely miss the two-headed ogre.
The two-headed ogre is almost dead.
The two-headed ogre hits you with a giant club!!
* * * LOW HITPOINT WARNING * * *
The two-headed ogre hits you with a giant club!
* * * LOW HITPOINT WARNING * * *
You hit the two-headed ogre.
The two-headed ogre is almost dead.
The two-headed ogre hits you with a giant club!!
You die...

.###########.....#########.......
.##...##(..###'#.................
..'....#.......#.............<...
..#..(.#.......#..............รท..
###....'.......#.....(...........
..##)###.......#.................
.......#.......#<................
.......#.......#O................
.......#########@......##########
.......#.......#.......# #.....
.......#.......#.......# #.....
.......'.......'.......# #.....
.......###'##..#.......######....
##..........#..##.........# #####
.#..........#...#.........#
.#..........#...#.........#
.#..........#...#.........#


You could see a two-headed ogre.

Vanquished Creatures
  Menkaure (D:7)
  2 phantoms (D:4)
  An orc warrior (D:6)
  A sky beast (D:7)
  2 ice beasts
  3 centaurs
  A big kobold (D:8)
  Blork the orc (D:5)
  5 bullfrogs
  A gnoll sergeant (D:5)
  2 scorpions
  4 hounds
  An orc priest (D:4)
  2 centaur skeletons
  2 jellies
  2 orc wizards (D:6)
  4 iguanas
  3 worker ants
  A hound zombie (D:7)
  2 hound skeletons
  12 gnolls
  10 adders
  3 shadow imps
  An ooze (D:1)
  2 worms
  A dart slug (D:1)
  4 leopard geckos
  19 orcs
  8 giant cockroaches
  4 goblins
  5 hobgoblins
  2 jackals (D:2)
  5 quokkas
  3 ball pythons
  6 bats
  7 frilled lizards
  19 kobolds
  A quokka skeleton (D:5)
  11 rats
  A spectral orc (D:6)
165 creatures vanquished.

Vanquished Creatures (others)
  3 gnolls (D:7)
  A giant cockroach (D:7)
4 creatures vanquished.

Grand Total: 169 creatures vanquished

Notes
Turn   | Place    | Note
-------+----------+-------------------------------------------
     0 | D:1      | segfault the Demonspawn Wanderer began the quest for the Orb.
     0 | D:1      | segfault set off with: a +2 scale mail, a potion of lignification, a wand of random effects (15/48), a +0 club, a bread ration
     0 | D:1      | Reached XP level 1. HP: 16/16 MP: 2/2
   173 | D:1      | Gained mutation: When hurt, damage is shared between your health and your magic reserves. [demonic ancestry]
   173 | D:1      | Reached XP level 2. HP: 23/23 MP: 3/3
   739 | D:1      | Gained mutation: You regenerate magic rapidly. [demonic ancestry]
   739 | D:1      | Reached XP level 3. HP: 28/29 MP: 4/4
   977 | D:2      | Reached XP level 4. HP: 23/38 MP: 5/5
  1519 | D:2      | Reached skill level 5 in Fighting
  1822 | D:3      | Reached skill level 3 in Armour
  1822 | D:3      | Reached XP level 5. HP: 41/44 MP: 4/6
  2312 | D:4      | Noticed a phantom
  2344 | D:4      | Killed a phantom
  2344 | D:4      | Gained mutation: You have sharp fingernails. [demonic ancestry]
  2344 | D:4      | Reached XP level 6. HP: 24/52 MP: 5/7
  2503 | D:4      | Reached skill level 4 in Armour
  3010 | D:5      | Entered Level 5 of the Dungeon
  3014 | D:5      | Reached XP level 7. HP: 59/59 MP: 8/8
  3345 | D:5      | Reached skill level 5 in Armour
  3476 | D:5      | Noticed Blork the orc
  3486 | D:5      | Killed Blork the orc
  3857 | D:5      | Reached XP level 8. HP: 59/67 MP: 9/9
  4058 | D:6      | Reached skill level 6 in Armour
  4180 | D:6      | Found a runed door.
  4181 | D:6      | Found a glowing silver altar of Zin.
  4181 | D:6      | Noticed an angel
  4375 | D:6      | Found Vihoeras's Distillery.
  4704 | D:6      | Found a basalt altar of Yredelemnul.
  4882 | D:6      | Reached skill level 7 in Armour
  4979 | D:7      | Got a pair of faintly glowing gloves
  4985 | D:7      | Identified the +0 pair of gloves of Faheklee {rPois rF+ Dex-5} (You found it on level 7 of the Dungeon)
  5002 | D:7      | Found a staircase to the Ecumenical Temple.
  5011 | Temple   | Entered the Ecumenical Temple
  5286 | D:7      | Found Kyq Zeutt's Antique Armour Emporium.
  5339 | D:7      | Reached skill level 8 in Armour
  5892 | D:7      | Noticed Menkaure
  5902 | D:7      | Killed Menkaure
  5902 | D:7      | Reached XP level 9. HP: 60/74 MP: 10/10
  6142 | D:8      | Found a shimmering altar of Xom.
  6302 | D:8      | Reached skill level 9 in Armour
  6511 | D:8      | Found a deep blue altar of Sif Muna.
  6512 | D:8      | Found a shattered altar of Ashenzari.
  6516 | D:8      | Found a white marble altar of Elyvilon.
  6518 | D:8      | Found an iron altar of Okawaru.
  6519 | D:8      | Found an opulent altar of Gozag.
  6519 | D:8      | Found a bloodstained altar of Trog.
  6523 | D:8      | Became a worshipper of Warmaster Okawaru
  6525 | D:8      | Found a glowing golden altar of the Shining One.
  6713 | D:8      | Noticed a two-headed ogre
  6756 | D:8      | Mangled by a two-headed ogre

Vault maps used:
D:1:      scummos_arrival_star, minmay_pentomino_w4
D:2:      first_bread, kennysheep_generic_room_9
D:4:      hangedman_abyss_or_decor_passed
D:5:      uniq_blork_the_orc
D:6:      yredelemnul_forgotten_temple_becter, serial_shops, kennysheep_mini,
          lemuel_angel_altar
D:7:      lemuel_temple_firewalk_b, serial_shops, shop, uniq_menkaure
D:8:      old_standard_altar, minitemple
Temple:   dshaligram_water_room_temple

Skill      XL: |  1  2  3  4  5  6  7  8  9 |
---------------+----------------------------+-----
Fighting       | 3 4 5 6 7 8 |  8.0
Armour         | 3 4 5 8 9 |  9.4
Stealth        | |  1.0
Spellcasting   | |  1.0
Conjurations   | |  1.0
Necromancy     | |  1.1
Evocations     | |  1.0

Action                   |  1- 3 |  4- 6 |  7- 9 || total
-------------------------+-------+-------+-------++-------
Melee: Short sword       |   168 |    61 |       ||   229
       Whip              |       |   176 |   355 ||   531
Evoke: Wand              |     4 |     2 |    11 ||    17
  Use: Scroll            |       |       |    14 ||    14
 Stab: Paralysed         |       |       |    19 ||    19
  Eat: Chunk             |       |     6 |    13 ||    19
Armor: Scale mail        |    93 |   113 |   128 ||   334
Dodge: Dodged            |    87 |   112 |   173 ||   372
Block: Buckler           |       |       |    57 ||    57
